 Dungeon Crawl Stone Soup version 0.27.1-4-g1640c2035a (webtiles) character file.

Game seed: 6220870261972202102

331 MisterFreud the Skirmisher (level 6, 0/53 HPs)
             Began as a Gnoll Wanderer on Nov 6, 2021.
             Was an Initiate of Ru.
             Slain by a rat (1 damage)
             ... on level 5 of the Dungeon.
             The game lasted 00:03:43 (4145 turns).

MisterFreud the Skirmisher (Gnoll Wanderer)         Turns: 4145, Time: 00:03:43

Health: 0/53       AC: 10    Str: 10    XL:     6   Next: 51%
Magic:  9/9        EV:  9    Int: 16    God:    Ru [......]
Gold:   137        SH:  0    Dex: 10    Spells: 9/9 levels left

rFire    . . .     SeeInvis .   a - +0 quarterstaff
rCold    + . .     Faith    .   (shield currently unavailable)
rNeg     . . .     Spirit   .   b - +2 scale mail
rPois    .         Reflect  .   (no helmet)
rElec    .         Harm     .   k - +0 cloak
rCorr    .         Rampage  .   (no gloves)
Will     .....                  (no boots)
Stlth    ..........             (no amulet)
HPRegen  0.17/turn              j - ring of protection from cold
MPRegen  0.11/turn              (no ring)

@: no status effects
A: fangs 1, no stealth, strong nose, distributed training
a: Renounce Religion


You were on level 5 of the Dungeon.
You worshipped Ru.
Ru was noncommittal.
You visited 1 branch of the dungeon, and saw 5 of its levels.

You collected 137 gold pieces.

Inventory:

Hand Weapons
 a - a +0 quarterstaff (weapon)
 d - a +0 dagger
Armour
 b - a +2 scale mail (worn)
 k - a +0 cloak (worn)
 p - a +0 plate armour
Jewellery
 j - a ring of protection from cold (left hand)
Wands
 r - a wand of flame (16)
Scrolls
 e - a scroll of magic mapping {unknown}
 f - a scroll of vulnerability {unknown}
 i - 2 scrolls of teleportation {unknown}
 l - a scroll of noise {unknown}
 o - 2 scrolls of identify {unknown}
 q - a scroll of enchant armour {unknown}
 t - 3 scrolls of enchant weapon {unknown}
 v - a scroll of silence {unknown}
Potions
 c - 5 potions of curing
 g - a potion of attraction {unknown}
 h - 2 potions of cancellation {unknown}
 m - 2 potions of lignification {unknown}
 n - 2 potions of degeneration {unknown}
 s - 2 potions of heal wounds {unknown}
 u - a potion of flight {unknown}


   Skills:
 + Level 6.8 Fighting
 + Level 2.0 Short Blades
 + Level 2.0 Long Blades
 + Level 2.0 Axes
 + Level 3.2 Maces & Flails
 + Level 2.0 Polearms
 + Level 3.2 Staves
 + Level 2.0 Slings
 + Level 2.0 Bows
 + Level 2.0 Crossbows
 + Level 3.2 Throwing
 + Level 5.0 Armour
 + Level 2.0 Dodging
   Level 0.0 Stealth
 + Level 2.0 Shields
 + Level 2.0 Unarmed Combat
 + Level 2.0 Spellcasting
 + Level 1.5 Conjurations
 + Level 1.5 Hexes
 + Level 1.5 Summonings
 + Level 1.5 Necromancy
 + Level 1.5 Translocations
 + Level 1.5 Transmutations
 + Level 1.5 Fire Magic
 + Level 1.5 Ice Magic
 + Level 1.5 Air Magic
 + Level 1.5 Earth Magic
 + Level 1.5 Poison Magic
 + Level 2.2 Invocations
 + Level 2.0 Evocations


You had 9 spell levels left.
You didn't know any spells.
Your spell library contained the following spells:

 Spells                   Type           Power      Damage    Failure   Level
 Sublimation of Blood     Necr           3%         N/A       67%         2
 Petrify                  Tmut/Erth      6%         N/A       99%         4
 Irradiate                Conj/Tmut      3%         3d15      100%        5


Dungeon Overview and Level Annotations

Branches:
Dungeon (5/15)
 Temple: D:4-7

Altars:
Ru


Innate Abilities, Weirdness & Mutations

You have very sharp teeth.
You cannot be stealthy.
Your uncanny sense of smell can sniff out nearby items.
Your experience applies equally to all skills.


Message History

The river rat is heavily wounded.
The river rat bites you. The river rat bites you!
* * * LOW HITPOINT WARNING * * *
You closely miss the river rat.
The river rat is heavily wounded.
The river rat barely misses you.
You hit the river rat.
The river rat is severely wounded.
The river rat bites you.
* * * LOW HITPOINT WARNING * * *
A rat comes into view.
A rat comes into view.
Your scale mail prevents you from hitting the rat.
The rat closely misses you.
The rat twitches its whiskers.
The river rat bites you but does no damage.
The rat misses you.
You thump the rat!
You kill the rat!
The river rat bites you.
* * * LOW HITPOINT WARNING * * *
You hit the river rat but do no damage.
The river rat is severely wounded.
The river rat bites you but does no damage.
The rat bites you.
* * * LOW HITPOINT WARNING * * *
You sock the rat!
You kill the rat!
The river rat bites you.
* * * LOW HITPOINT WARNING * * *
A river rat comes into view.
The river rat bites you.
* * * LOW HITPOINT WARNING * * *
A rat comes into view.
You see here a rat corpse. 2 rats come into view.
The rat twitches its whiskers.
The rat bites you but does no damage. x2; The rat closely misses you.
The rat bites you.
You die...

######### #.......##
.# ##........#
...###.........#
.....#...r....# #
#..r.rr@...# . ####.
###.#..rr##.#.##.#.r
##r####S##..#.#
#.†.# #†#..r# ###r#
##r.†.# #r###r#r#.#
##.##†#†# #r#.#.r##
##.####.#


You could see 2 river rats and 5 rats.

Vanquished Creatures
  A howler monkey (D:5)
  A gnoll shaman (D:4)
  A bullfrog skeleton (D:4)
  An iguana (D:4)
  Terence (D:2)
  4 adders
  3 gnolls (D:4)
  3 river rats (D:5)
  A white imp (D:4)
  An adder skeleton (D:4)
  A worm (D:4)
  A dart slug (D:1)
  An orc (D:4)
  7 bats
  6 endoplasms
  4 giant cockroaches
  7 goblins
  6 hobgoblins
  3 jackals (D:1)
  6 kobolds
  4 quokkas
  6 ball pythons
  6 frilled lizards
  16 rats
91 creatures vanquished.

Notes
Turn   | Place    | Note
-------+----------+-------------------------------------------
     0 | D:1      | MisterFreud the Gnoll Wanderer began the quest for the Orb.
     0 | D:1      | MisterFreud set off with the following items: a +0
                  | quarterstaff, a +2 scale mail, a potion of curing, a +0
                  | dagger
     0 | D:1      | Reached XP level 1. HP: 23/23 MP: 1/1
    78 | D:1      | Reached XP level 2. HP: 29/29 MP: 2/2
   458 | D:1      | Reached XP level 3. HP: 35/35 MP: 3/3
   645 | D:1      | Reached skill level 1 in Invocations
   799 | D:1      | Found a faded altar of an unknown god.
   949 | D:1      | Became a worshipper of Ru the Awakened
   958 | D:1      | Gained mutation: You cannot be stealthy. [Ru sacrifice]
  1216 | D:2      | Noticed Terence
  1234 | D:2      | Killed Terence
  1235 | D:2      | Reached skill level 1 in Short Blades
  1235 | D:2      | Reached skill level 1 in Long Blades
  1235 | D:2      | Reached skill level 1 in Axes
  1235 | D:2      | Reached skill level 1 in Polearms
  1235 | D:2      | Reached skill level 1 in Slings
  1235 | D:2      | Reached skill level 1 in Bows
  1235 | D:2      | Reached skill level 1 in Crossbows
  1235 | D:2      | Reached skill level 1 in Dodging
  1235 | D:2      | Reached skill level 1 in Shields
  1235 | D:2      | Reached skill level 1 in Unarmed Combat
  1235 | D:2      | Reached skill level 1 in Spellcasting
  1235 | D:2      | Reached skill level 1 in Evocations
  1235 | D:2      | Reached XP level 4. HP: 8/41 MP: 5/5
  1976 | D:3      | Reached skill level 1 in Conjurations
  1976 | D:3      | Reached skill level 1 in Hexes
  1976 | D:3      | Reached skill level 1 in Summonings
  1976 | D:3      | Reached skill level 1 in Necromancy
  1976 | D:3      | Reached skill level 1 in Translocations
  1976 | D:3      | Reached skill level 1 in Transmutations
  1976 | D:3      | Reached skill level 1 in Fire Magic
  1976 | D:3      | Reached skill level 1 in Ice Magic
  1976 | D:3      | Reached skill level 1 in Air Magic
  1976 | D:3      | Reached skill level 1 in Earth Magic
  1976 | D:3      | Reached skill level 1 in Poison Magic
  2796 | D:4      | Reached XP level 5. HP: 31/47 MP: 5/7
  3627 | D:4      | Reached XP level 6. HP: 53/53 MP: 8/8
  4059 | D:5      | Entered Level 5 of the Dungeon
  4107 | D:5      | Reached skill level 5 in Armour
  4141 | D:5      | HP: 1/53 [river rat (4)]
  4145 | D:5      | Slain by a rat

Illustrated notes

Levels and vault maps discovered:
D:1:      beargit_arrival_greenhouse, layout_loops_ring,
          hellmonk_ecumenical_altar_leap_of_faith, minmay_pentomino_t4
D:2:      layout_basic, serial_aquarium, aquarium_bridge_square
          [aquarium_subvault_bridge, aquarium_subvault_bridge,
          aquarium_subvault_bridge, aquarium_subvault_bridge],
          aquarium_window_fake, aquarium_window_corner,
          aquarium_window_corridor_1, aquarium_view_2b,
          aquarium_balcony_double_2, aquarium_pool_corner, uniq_terence
D:3:      layout_rooms
D:4:      layout_basic, grunt_decor_fettered
D:5:      lemuel_ratsnest, layout_rooms, mainiacjoe_overflow_catwalk,
          chequers_temple_overflow_statue_of_worship

Skill      XL: |  1  2  3  4  5  6 |
---------------+-------------------+-----
Invocations    | 1 2 |  2.2
Stealth        | 0 |  0.0
Short Blades   | 1 2 |  2.0
Long Blades    | 1 2 |  2.0
Axes           | 1 2 |  2.0
Polearms       | 1 2 |  2.0
Slings         | 1 2 |  2.0
Bows           | 1 2 |  2.0
Crossbows      | 1 2 |  2.0
Dodging        | 1 2 |  2.0
Shields        | 1 2 |  2.0
Unarmed Combat | 1 2 |  2.0
Spellcasting   | 1 2 |  2.0
Evocations     | 1 2 |  2.0
Conjurations   | 1 |  1.5
Hexes          | 1 |  1.5
Summonings     | 1 |  1.5
Necromancy     | 1 |  1.5
Translocations | 1 |  1.5
Transmutations | 1 |  1.5
Fire Magic     | 1 |  1.5
Ice Magic      | 1 |  1.5
Air Magic      | 1 |  1.5
Earth Magic    | 1 |  1.5
Poison Magic   | 1 |  1.5
Maces & Flails | 3 |  3.2
Staves         | 3 |  3.2
Throwing       | 3 |  3.2
Armour         | 5 |  5.0
Fighting       | |  6.8

Action                   |  1- 3 |  4- 6 || total
-------------------------+-------+-------++-------
Melee: Quarterstaff      |   149 |   211 ||   360
       Bite              |     4 |    11 ||    15
Invok: Sacrifice Stealth |     1 |       ||     1
Armor: Scale mail        |    79 |   100 ||   179
Dodge: Dodged            |    70 |    82 ||   152
